 Dungeon Crawl Stone Soup version 0.29.1-2-gbd0b4ee654 (webtiles) character file.

Game seed: 4673453621470220708

1431 Linkola the Covered (level 8, -2/68 HPs)
             Began as a Minotaur Fighter on Nov 19, 2022.
             Slain by Pikel
             ... wielding a +1 whip of freezing
              (12 damage)
             ... on level 6 of the Dungeon.
             The game lasted 00:11:49 (6238 turns).

Linkola the Covered (Minotaur Fighter)              Turns: 6238, Time: 00:11:49

Health: -2/68      AC: 11    Str: 23    XL:     8   Next: 45%
Magic:  7/7        EV:  9    Int:  5    God:
Gold:   253        SH:  0    Dex: 10    Spells: 7/7 levels left

rFire   + . .      SeeInvis .   a - +1 war axe
rCold   . . .      Faith    .   s - +1 kite shield
rNeg    . . .      Spirit   .   b - +0 scale mail
rPois   .          Reflect  .   (helmet restricted)
rElec   .          Harm     .   (no cloak)
rCorr   .          Rampage  .   (no gloves)
Will    .....                   (no boots)
Stlth   ..........              (no amulet)
HPRegen 0.21/turn               n - +4 ring of protection
MPRegen 0.10/turn               c - ring of protection from fire

@: confused, ambrosia-drunk
A: horns 2, retaliatory headbutt
a: no special abilities


You were on level 6 of the Dungeon.
You visited 1 branch of the dungeon, and saw 6 of its levels.

You collected 253 gold pieces.

Inventory:

Hand Weapons
 a - a +1 war axe (weapon)
Missiles
 e - 2 atropa-tipped darts
 h - 3 boomerangs
 j - 4 poisoned darts
 m - 2 curare-tipped darts
 v - a stone (quivered)
 x - 2 throwing nets
Armour
 b - a +0 scale mail (worn)
 s - a +1 kite shield (worn)
Jewellery
 c - a ring of protection from fire (right hand)
 n - a +4 ring of protection (left hand)
 y - a ring of protection from cold
Wands
 k - a wand of roots (19)
 q - a wand of polymorph (6)
Scrolls
 f - 2 scrolls of magic mapping
 t - a scroll of amnesia
 u - a scroll of enchant weapon
 z - a scroll of butterflies
Potions
 d - a potion of might
 g - 2 potions of haste
 i - a potion of heal wounds {unknown}
 l - a potion of curing {unknown}
 o - 2 potions of ambrosia
 p - 2 potions of attraction {unknown}
 r - 2 potions of degeneration {unknown}
 w - a potion of magic {unknown}


   Skills:
 + Level 5.1 Fighting
 + Level 6.9 Axes
 * Level 4.2 Throwing
 + Level 7.0 Armour
 + Level 3.2 Dodging
 + Level 0.7 Stealth
 + Level 5.6 Shields


You had 7 spell levels left.
You didn't know any spells.
Your spell library contained the following spells:

 Spells                   Type           Power      Damage    Failure   Level
 Shock                    Conj/Air       0%         1d3       98%         1
 Slow                     Hex            0%         N/A       98%         1
 Poisonous Vapours        Pois/Air       0%         N/A       99%         2
 Confusing Touch          Hex            0%         N/A       100%        3
 Swiftness                Air            0%         N/A       100%        3
 Vampiric Draining        Necr           0%         2d6       100%        3
 Airstrike                Air            0%         2d(0-16)  100%        4
 Corpse Rot               Necr/Pois/Air  0%         N/A       100%        4
 Irradiate                Conj/Tmut      0%         3d11      100%        5
 Iskenderun's Battlesphe  Conj           0%         2d6       100%        5
 Starburst                Conj/Fire      0%         6d3       100%        6


Dungeon Overview and Level Annotations

Branches:
Dungeon (6/15)
 Temple: D:4-7

Altars:
Dithmenos
Fedhas
Gozag
Kikubaaqudgha
Okawaru
Sif Muna
Trog
Vehumet

Shops:
D:1 (

Annotations:
D:6 Pikel


Innate Abilities, Weirdness & Mutations

You have a pair of horns on your head.
You reflexively headbutt those who attack you in melee.


Message History

You are too injured to fight recklessly!
You are too injured to fight recklessly!
You are too injured to fight recklessly!
You are too injured to fight recklessly!
You are too injured to fight recklessly!
You are too injured to fight recklessly!
You are too injured to fight recklessly!
The gnoll sergeant shouts!
You hit Pikel.
Pikel is lightly wounded.
You closely miss the lemure. You hit the lemure. You closely miss the lemure.
The lemure hits you. Pikel barely misses you. The lemure hits you!
* * * LOW HITPOINT WARNING * * *
You block the lemure's attack.
It was a potion of ambrosia.
You are confused.
You feel invigorated. Pikel closely misses you. The lemure hits you.
* * * LOW HITPOINT WARNING * * *
The lemure hits you.
* * * LOW HITPOINT WARNING * * *
The lemure hits you but does no damage. x2
You barely miss Pikel. Your headbutt misses Pikel.
Pikel is lightly wounded.
You closely miss the lemure. You completely miss the lemure.
You hit the lemure. You hit the lemure but do no damage.
Pikel closely misses you. The lemure barely misses you.
The lemure hits you but does no damage. The lemure hits you!
* * * LOW HITPOINT WARNING * * *
The lemure hits you but does no damage. Pikel hits you but does no damage.
The lemure hits you but does no damage. The lemure hits you.
* * * LOW HITPOINT WARNING * * *
The lemure hits you.
* * * LOW HITPOINT WARNING * * *
The lemure hits you but does no damage.
You barely miss the lemure.
The lemure is lightly wounded.
You miss Pikel. You hit the lemure but do no damage. You hit the lemure.
You barely miss the lemure.
The lemure hits you but does no damage. x2
Pikel hits you with a +1 whip of freezing!
You die...

#...####.....### ...#
###...........##.# ...#
#.............##.###... #
.....#.............#.# .##
...###.........<.....#...#
.....#......##...#.......#
#........................#
#.........#..............#
...##.....##...5@5...#.....
...............5K5.........
................g..........
...........................
.................#.#.......
.................####.....
............##.>.. ....
...#.... ... ..... .# ...#
.


You could see Pikel (strong), 4 lemures and a gnoll sergeant.

Vanquished Creatures
  A steam dragon (D:6)
  Menkaure (D:6)
  An orc warrior (D:5)
  An ogre (D:5)
  2 phantoms (D:5)
  3 necrophages (D:5)
  3 hounds
  2 orc priests (D:5)
  A gnoll bouda (D:5)
  5 iguanas
  Jessica (D:3)
  An orc wizard (D:6)
  15 gnolls
  8 adders
  An ufetubus (D:5)
  2 dart slugs
  16 orcs
  2 ball pythons (D:1)
  9 endoplasms
  4 giant cockroaches
  2 goblins (D:3)
  3 hobgoblins
  4 jackals (D:1)
  8 quokkas
  3 bats
  A frilled lizard (D:3)
  7 kobolds
  9 rats
116 creatures vanquished.

Notes
Turn   | Place    | Note
-------+----------+-------------------------------------------
     0 | D:1      | Linkola the Minotaur Fighter began the quest for the Orb.
     0 | D:1      | Reached XP level 1. HP: 19/19 MP: 0/0
     1 | D:1      | Found a runed translucent door.
   310 | D:1      | Found Jimeyfen's Weapon Shoppe.
   967 | D:2      | Found an ancient bone altar of Kikubaaqudgha.
  1120 | D:2      | Found a faded altar of an unknown god.
  1173 | D:2      | Reached skill level 4 in Armour
  1173 | D:2      | Reached XP level 2. HP: 15/26 MP: 1/1
  1945 | D:3      | Reached XP level 3. HP: 29/33 MP: 2/2
  2070 | D:3      | Reached skill level 1 in Throwing
  2070 | D:3      | Reached skill level 5 in Armour
  2070 | D:3      | Reached XP level 4. HP: 9/40 MP: 3/3
  2308 | D:3      | Noticed Jessica
  2319 | D:3      | Killed Jessica
  2437 | D:3      | Reached skill level 1 in Dodging
  2515 | D:3      | Found an opulent altar of Gozag.
  2574 | D:3      | Found a shimmering blue altar of Sif Muna.
  2734 | D:1      | Reached XP level 5. HP: 42/46 MP: 4/4
  3722 | D:4      | Found a bloodstained altar of Trog.
  3731 | D:4      | Found a shadowy altar of Dithmenos.
  3735 | D:4      | Found an ancient bone altar of Kikubaaqudgha.
  3737 | D:4      | Found a blossoming altar of Fedhas.
  3737 | D:4      | Found an iron altar of Okawaru.
  3766 | D:4      | Found a radiant altar of Vehumet.
  3961 | D:4      | Found a glowing drain.
  4059 | D:4      | Got the Anthology of Confrontation and the Stinger
  4142 | D:4      | Reached XP level 6. HP: 40/52 MP: 5/5
  4466 | D:5      | Entered Level 5 of the Dungeon
  4725 | D:5      | Reached skill level 6 in Armour
  4917 | D:5      | Reached XP level 7. HP: 47/60 MP: 6/6
  5119 | D:5      | Reached skill level 5 in Axes
  5332 | D:5      | Reached skill level 5 in Shields
  5799 | D:5      | Reached XP level 8. HP: 67/67 MP: 7/7
  5961 | D:6      | Noticed Menkaure
  5973 | D:6      | Killed Menkaure
  5974 | D:6      | Reached skill level 5 in Fighting
  6220 | D:6      | Reached skill level 7 in Armour
  6227 | D:6      | Noticed Pikel
  6238 | D:6      | Slain by Pikel

Illustrated notes

Levels and vault maps discovered:
D:1:      dpeg_arrival_caged_fury, layout_loops_corners, serial_shops, shop
D:2:      layout_loops_ring, basic_ecumenical_altar, basic_altar
D:3:      layout_loops_ring, lemuel_coloured_pillars_altar,
          lemuel_blue_sif_altar, uniq_jessica
D:4:      layout_loops_ring, vehumet_crystals, minitemple, serial_glass,
          glass_columns_a, glass_columns_b, glass_columns_a, glass_columns_b,
          glass_columns_b, glass_columns_c, glass_columns_a, glass_columns_b,
          glass_columns_a, glass_columns_b, gup_sewer_entry_bubbles,
          kennysheep_generic_room_5
D:5:      minmay_evil_eye, layout_loops_ring
D:6:      layout_cave_pools, uniq_pikel, uniq_menkaure

Skill      XL: |  1  2  3  4  5  6  7  8 |
---------------+-------------------------+-----
Armour         | 4 5 6 7 |  7.0
Axes           | 3 4 6 |  6.9
Throwing       | 1 2 3 4 |  4.2
Shields        | 4 5 |  5.6
Dodging        | 1 2 3 |  3.2
Fighting       | 4 5 |  5.1
Stealth        | |  0.7

Action                   |  1- 3 |  4- 6 |  7- 9 || total
-------------------------+-------+-------+-------++-------
Melee: War axe           |    37 |   159 |   120 ||   316
       Headbutt          |     9 |    20 |    28 ||    57
       Unarmed           |       |     4 |       ||     4
Throw: Stone             |     7 |    16 |    32 ||    55
  Use: Scroll            |     8 |       |     4 ||    12
       Potion            |       |       |     1 ||     1
 Stab: Distracted        |       |     1 |       ||     1
Armor: Scale mail        |    17 |    66 |    79 ||   162
       Skin              |       |     1 |       ||     1
Dodge: Dodged            |    15 |    70 |    60 ||   145
Block: Buckler           |     2 |    19 |       ||    21
       Kite shield       |       |    34 |    61 ||    95
